 Dungeon Crawl Stone Soup version 0.29-a0-380-gf50f0a9fbc (webtiles) character file.

Game seed: 3629454364221877005

1690 happo123 the Ruffian (level 8, 0/79 HPs)
             Began as a Troll Berserker on May 5, 2022.
             Was a Priest of Trog.
             Slain by a gnoll
             ... wielding a +0 spear
             ... led by a gnoll shaman
              (6 damage)
             ... on level 5 of the Dungeon.
             The game lasted 00:22:43 (3728 turns).

happo123 the Ruffian (Troll Berserker)              Turns: 3728, Time: 00:22:43

Health: 0/79       AC:  4    Str: 28    XL:     8   Next: 72%
Magic:  7/7        EV:  7    Int:  3    God:    Trog [***...]
Gold:   168        SH:  9    Dex:  9    Spells: 7/7 levels left

rFire   . . .      SeeInvis .   o - +0 broad axe
rCold   . . .      Faith    +   B - +0 tower shield
rNeg    + . .      Spirit   .   a - +0 animal skin
rPois   .          Reflect  .   (helmet restricted)
rElec   .          Harm     .   C - scarf {repulsion}
rCorr   .          Rampage  .   (gloves unavailable)
Will    ++...                   (boots unavailable)
Stlth   +.........              v - amulet of faith
HPRegen 2.03/turn               m - ring of positive energy
MPRegen 0.10/turn               (no ring)

@: lit by a corona, strong-willed, on berserk cooldown, regenerating, slowed,
glowing, repel missiles, very slow
A: large, unfitting armour, claws 3, regeneration 1, shaggy fur 1, tough skin 1,
subdued magic 1
a: Renounce Religion, Berserk, Trog's Hand


You were on level 5 of the Dungeon.
You worshipped Trog.
Trog was most pleased with you.
You visited 1 branch of the dungeon, and saw 5 of its levels.
You also visited: Ossuary.

You collected 168 gold pieces.

Inventory:

Hand Weapons
 b - a +0 arbalest
 o - a +0 broad axe (weapon)
 w - a +3 quarterstaff of chaos
 x - a +2 mace of draining
Armour
 a - a +0 animal skin (worn)
 f - a +0 cloak
 B - a +0 tower shield (worn)
 C - a scarf of repulsion (worn)
Jewellery
 m - a ring of positive energy (left claw)
 v - an amulet of faith (around neck)
Wands
 p - a wand of paralysis (10)
 y - a wand of iceblast (6)
Scrolls
 c - 4 scrolls of teleportation
 g - 2 scrolls of vulnerability {unknown}
 j - a scroll of identify
 k - 2 scrolls of poison {unknown}
 l - 2 scrolls of enchant armour
 n - a scroll of noise {unknown}
 r - a scroll of fog {unknown}
 A - a scroll of brand weapon {unknown}
Potions
 d - 2 potions of heal wounds {unknown}
 e - 4 potions of degeneration
 h - 2 potions of haste {unknown}
 i - 4 potions of curing
 q - a potion of invisibility {unknown}
 s - 2 potions of attraction {unknown}
 t - 2 potions of lignification {unknown}
 u - 4 potions of might
 z - 2 potions of cancellation {unknown}


   Skills:
 + Level 4.6 Fighting
 + Level 4.9 Axes
 + Level 5.1 Dodging
 + Level 1.2 Stealth
 + Level 0.1 Shields
 + Level 6.0 Unarmed Combat


You had 7 spell levels left.
You didn't know any spells.
Your spell library was empty.

Dungeon Overview and Level Annotations

Branches:
Dungeon (5/15)            Ossuary (visited)
 Temple: D:4-7

Altars:
Okawaru
Sif Muna


Innate Abilities, Weirdness & Mutations

You are too large for most types of armour.
You have claws for hands.
Your natural rate of healing is unusually fast.
You are covered in fur. (AC +1)
You have tough skin. (AC +1)
Your spells are a little easier to cast, but a little less powerful.


Message History

The gnoll hits you from afar with a +0 spear.
You slash the gnoll!
You kill the gnoll!
Trog accepts your kill. You block the gnoll's attack. x2
The gnoll hits you from afar with a +0 spear.
The gnoll hits you from afar with a +0 spear.
The gnoll hits you with a +0 spear.
The gnoll hits you from afar with a +0 spear.
The gnoll hits you with a +0 spear.
* * * LOW HITPOINT WARNING * * *
Things that are here:
a +0 spear; a throwing net; a gnoll corpse You barely miss the gnoll.
The gnoll hits you from afar with a +0 spear.
* * * LOW HITPOINT WARNING * * *
The gnoll hits you with a +0 spear.
* * * LOW HITPOINT WARNING * * *
You block the gnoll's attack. x2
Your skin crawls.
You feel strong-willed. You block the gnoll's attack.
The gnoll hits you but does no damage.
The gnoll hits you from afar with a +0 spear.
* * * LOW HITPOINT WARNING * * *
The gnoll hits you with a +0 spear!
* * * LOW HITPOINT WARNING * * *
You closely miss the gnoll. The gnoll hits you but does no damage.
The gnoll hits you with a +0 spear.
* * * LOW HITPOINT WARNING * * *
The gnoll barely misses you. The gnoll hits you with a +0 spear.
* * * LOW HITPOINT WARNING * * *
You closely miss the gnoll.
The gnoll hits you from afar with a +0 spear.
* * * LOW HITPOINT WARNING * * *
You block the gnoll's attack.
The gnoll hits you from afar with a +0 spear.
* * * LOW HITPOINT WARNING * * *
The gnoll hits you but does no damage. You block the gnoll's attack.
The gnoll hits you with a +0 spear.
You die...

......##.#.#.##...........##.###.
.####.##.#.#.####..######........
.# #.##.#.#.# ##..# ####.####
.####.##.#.#.# #...# #.# #
......##.#...# #.#.# #.# #
..######.##### #.#.# ##.####
.........# #(#.########...##.
#.######## #)#..........#.... #.#
#@##########...##. #.# #g#
#......#### #.# #g# #.###### #
#.# #.# #.# #.# # ## #. #.#
#.##.## #># #.#.#.## #.#
###....#.#### #............


You could see 2 gnolls.

Vanquished Creatures
  Prince Ribbit (D:5)
  Sigmund (D:2)
  A water moccasin (D:5)
  An ice beast (D:5)
  3 phantoms
  2 necrophages (D:5)
  3 scorpions
  4 water moccasin zombies (Ossuary)
  A gnoll shaman (D:5)
  Crazy Yiuf (D:2)
  Ijyb (D:5)
  2 iguanas (D:5)
  An orc wizard (D:4)
  2 mummies (Ossuary)
  3 gnolls (D:5)
  6 adders
  8 adder zombies (Ossuary)
  2 worms
  2 dart slugs (D:4)
  3 orcs (D:4)
  7 bats
  9 endoplasms
  2 giant cockroaches
  7 goblins
  9 hobgoblins
  2 quokkas
  4 ball pythons
  A frilled lizard (D:1)
  6 hobgoblin zombies (Ossuary)
  6 kobolds
  8 kobold zombies (Ossuary)
  An orc zombie (Ossuary)
  4 rats
114 creatures vanquished.

Notes
Turn   | Place    | Note
-------+----------+-------------------------------------------
     0 | D:1      | happo123 the Troll Berserker began the quest for the Orb.
     0 | D:1      | Reached XP level 1. HP: 22/22 MP: 0/0
   173 | D:1      | Reached XP level 2. HP: 29/29 MP: 1/1
   649 | D:2      | Reached ** piety under Trog
   698 | D:2      | Reached XP level 3. HP: 25/36 MP: 2/2
   736 | D:2      | Identified the +6 leather armour of the Barnacled God
                  | {rPois}
   838 | D:2      | Found a faded altar of an unknown god.
  1051 | D:2      | Noticed Sigmund
  1071 | D:2      | Killed Sigmund
  1072 | D:2      | Reached skill level 4 in Unarmed Combat
  1072 | D:2      | Reached XP level 4. HP: 13/45 MP: 3/3
  1072 | D:2      | Reached XP level 5. HP: 16/53 MP: 4/4
  1114 | D:2      | You fall into a shaft and drop 2 floors!
  1253 | D:4      | Found an iron altar of Okawaru.
  1262 | D:4      | Reached skill level 5 in Unarmed Combat
  1266 | D:4      | Reached XP level 6. HP: 61/61 MP: 5/5
  1303 | D:4      | Found a shimmering blue altar of Sif Muna.
  1494 | D:4      | Found a sand-covered staircase.
  1502 | Ossuary  | Entered an ossuary
  1575 | Ossuary  | Reached skill level 6 in Unarmed Combat
  1585 | Ossuary  | Reached XP level 7. HP: 34/67 MP: 6/6
  1603 | Ossuary  | Reached *** piety under Trog
  1627 | Ossuary  | Reached skill level 1 in Axes
  1683 | Ossuary  | Gained mutation: Your spells are a little easier to cast,
                  | but a little less powerful. [potion of mutation]
  2081 | D:2      | Found a runed translucent door.
  2082 | D:2      | Noticed Crazy Yiuf
  2091 | D:2      | Killed Crazy Yiuf
  2949 | D:5      | Entered Level 5 of the Dungeon
  3055 | D:5      | Reached skill level 1 in Stealth
  3126 | D:5      | Reached XP level 8. HP: 70/77 MP: 7/7
  3349 | D:5      | Noticed Ijyb
  3357 | D:5      | Killed Ijyb
  3365 | D:5      | Noticed Prince Ribbit
  3379 | D:5      | Killed Prince Ribbit
  3522 | D:5      | Reached skill level 5 in Dodging
  3728 | D:5      | Slain by a gnoll

Illustrated notes

Levels and vault maps discovered:
D:1:      dpeg_arrival_connections, layout_basic, chequers_serial_rivers_small_b
D:2:      layout_loops_ring, serial_forest, infiniplex_forest_clump_double,
          infiniplex_forest_straight_3, infiniplex_forest_corner_1,
          infiniplex_forest_corner_1, infiniplex_forest_end_2,
          infiniplex_forest_end_1, shapermc_ecumenical_altar_gd, st_stairs_3,
          minmay_crystal_room, uniq_crazy_yiuf_cottage, uniq_sigmund
D:3:      layout_rooms
D:4:      kennysheep_spiral_hall, layout_cave_pools, okawaru_metal_pillars_3,
          nicolae_sif_muna_condensation, nicolae_ossuary_entry_monument
D:5:      layout_loops_ring, uniq_prince_ribbit1, uniq_ijyb

Skill      XL: |  1  2  3  4  5  6  7  8 |
---------------+-------------------------+-----
Fighting       | 3 4 |  4.6
Dodging        | 3 4 5 |  5.1
Unarmed Combat | 4 5 6 |  6.0
Axes           | 3 4 |  4.9
Stealth        | 1 |  1.2
Shields        | |  0.1

Action                   |  1- 3 |  4- 6 |  7- 9 || total
-------------------------+-------+-------+-------++-------
Melee: Unarmed           |    90 |    43 |       ||   133
       Punch             |     2 |       |     5 ||     7
       Broad axe         |       |    24 |   255 ||   279
Invok: Berserk           |       |     1 |     4 ||     5
       Trog's Hand       |       |       |     3 ||     3
Evoke: Wand              |       |       |     2 ||     2
  Use: Scroll            |       |       |     5 ||     5
       Potion            |       |       |     1 ||     1
Armor: Animal skin       |    32 |    28 |   126 ||   186
Dodge: Dodged            |    40 |    38 |   150 ||   228
Block: Tower shield      |       |       |    25 ||    25

Table legend: (Time is in decaauts)
 A = Elapsed time spent in this place.
 B = Non-inter-level travel time spent in this place.
 C = Inter-level travel time spent in this place.
 D = Time resting spent in this place.
 E = Time spent auto-exploring this place.
 F = Levels seen in this place.
 G = Mean time per level.
                   A        B        C        D        E       F      G
               +--------+--------+--------+--------+--------+-----+--------+
         Total |   3901 |   3057 |    844 |    109 |   1912 |   6 |  650.2 |
       Dungeon |   3606 |   2762 |    844 |     81 |   1893 |   5 |  721.2 |
       Ossuary |    295 |    295 |      0 |     28 |     18 |   1 |  295.0 |
               +--------+--------+--------+--------+--------+-----+--------+

Top non-repeatable levels by time:
     D:2: 1050 daAuts
     D:5: 857 daAuts
     D:4: 793 daAuts
     D:1: 548 daAuts
     D:3: 355 daAuts
 Ossuary: 295 daAuts
